 Dungeon Crawl Stone Soup version 0.30-a0-728-gc68057be0a (webtiles) character file.

Game seed: 10322890482844626410

17805 porpoise the Skirmisher (level 12, -5/84 HPs)
             Began as a Barachi Hunter on Jan 30, 2023.
             Was an Elder of Hepliaklqana.
             Slain by a red draconian
             ... wielding a +2 halberd of flaming
              (14 damage)
             ... in a volcano on Jan 31, 2023.
             The game lasted 00:55:41 (13006 turns).

porpoise the Skirmisher (Barachi Hunter)           Turns: 13006, Time: 00:55:41

Health: -5/84      AC: 12    Str: 10    XL:     12   Next: 51%
Magic:  19/19      EV: 18    Int: 15    God:    Hepliaklqana [****..]
Gold:   611        SH:  0    Dex: 28    Spells: 19/21 levels left

rFire   + + .      SeeInvis .    b - +9 dagger of Konoibau {vamp, +Blink rF++ Will+ Str-4}
rCold   + . .      Faith    .    (no shield)
rNeg    . . .      Spirit   .    J - +2 leather armour {rC+}
rPois   .          Reflect  .    N - +2 hat {Int+3}
rElec   .          Harm     .    p - +1 cloak
rCorr   .          Rampage  .    y - +0 pair of gloves
Will    +....                    W - +0 pair of boots
Stlth   +++++                    (no amulet)
HPRegen 0.34/turn                E - ring "Waok" {Fly Str+2 Int+3 Dex+6 Stlth+}
MPRegen 0.16/turn                (no ring)

@: on berserk cooldown, flying, slowed, very slow
A: reduced essence, amphibious, slowness 1, strong legs 1, +LOS
a: Hop, Renounce Religion, Evoke Blink, Recall Ancestor, Ancestor Identity,
Transference, Idealise


You were in a volcano.
You worshipped Hepliaklqana.
Hepliaklqana was greatly pleased with you.
You visited 2 branches of the dungeon, and saw 13 of its levels.
You also visited: Sewer and Volcano.

You collected 611 gold pieces.

Inventory:

Hand Weapons
 a - the +7 sling of Grand Optimality {speed, rC+}
   (You took it off an orc warrior on level 10 of the Dungeon)

   rC:        It protects you from cold.
 b - the +9 dagger of Konoibau (weapon) {vamp, +Blink rF++ Will+ Str-4}
   (You found it on level 3 of the Dungeon)

   Str:       It affects your strength (-4).
   rF:        It greatly protects you from fire.
   +Blink:    It lets you blink.
   Will:      It increases your willpower.
 w - a +1 demon blade of draining
Armour
 p - a +1 cloak (worn)
 y - a +0 pair of gloves (worn)
 J - a +2 leather armour of cold resistance (worn)
 N - a +2 hat of intelligence (worn)
 W - a +0 pair of boots (worn)
Jewellery
 E - the ring "Waok" (left hand) {Fly Str+2 Int+3 Dex+6 Stlth+}
   (You acquired it on level 10 of the Dungeon)

   [ring of dexterity]

   Str:       It affects your strength (+2).
   Int:       It affects your intelligence (+3).
   Dex:       It affects your dexterity (+6).
   Fly:       It grants you flight.
   Stlth:     It makes you more stealthy.
 O - a ring of ice
Wands
 c - a wand of roots (6)
 v - a wand of flame (34)
 R - a wand of mindburst (3)
 V - a wand of polymorph (4)
Scrolls
 h - a scroll of vulnerability
 n - 2 scrolls of fear
 q - 6 scrolls of teleportation
 r - 4 scrolls of poison
 C - 3 scrolls of blinking
 F - a scroll of torment {unknown}
 I - a scroll of identify
 P - 2 scrolls of fog
 Q - a scroll of brand weapon {unknown}
Potions
 i - a potion of ambrosia
 k - a potion of might
 l - a potion of cancellation
 t - 3 potions of lignification
 A - 3 potions of resistance
 Y - a potion of mutation {unknown}
Miscellaneous
 T - a phial of floods (inert)


   Skills:
 + Level 8.8 Fighting
 + Level 2.6 Long Blades
 - Level 14.0 Ranged Weapons
 - Level 7.0 Armour
 - Level 7.0 Dodging
 - Level 5.3 Stealth
 - Level 5.1 Spellcasting
 + Level 6.4 Invocations
 - Level 5.6 Evocations


You had 19 spell levels left.
You knew the following spells:

 Your Spells              Type           Power      Damage    Failure   Level
w - Wereblood             Tmut           3%         N/A       30%         2

Your spell library contained the following spells:

 Spells                   Type           Power      Damage    Failure   Level
 Beastly Appendage        Tmut           6%         N/A       21%         1
 Magic Dart               Conj           12%        1d3       21%         1
 Lesser Beckoning         Tloc           6%         N/A       30%         2
 Searing Ray              Conj           6%         2d4       30%         2
 Gell's Gravitas          Tloc           3%         N/A       52%         3
 Ozocubu's Armour         Ice            3%         N/A       52%         3
 Spider Form              Tmut/Pois      3%         N/A       52%         3
 Teleport Other           Tloc           3%         N/A       52%         3
 Fulminant Prism          Conj/Hex       1%         3d5       90%         4
 Metabolic Englaciation   Hex/Ice        1%         N/A       99%         5
 Simulacrum               Ice/Necr       1%         N/A       100%        6


Dungeon Overview and Level Annotations

Branches:
Dungeon (11/15)            Temple (0/1) D:7            Lair (2/5) D:9
  Swamp (0/4) Lair:2        Sewer (visited)         Volcano (1/1)
  Snake: Lair:2-3    Spider: Lair:2-3       Orc: D:9-12

Altars:
Ashenzari
Cheibriados
Dithmenos
Elyvilon
Fedhas
Hepliaklqana
Kikubaaqudgha
Makhleb
Okawaru
Qazlal
Ru
Sif Muna
Trog
Vehumet
Zin

Annotations:
D:3 /dig
D:4 1 runed translucent door, ryw's ghost, amateur VSIE
D:6 3 runed translucent doors, Yutrishi's ghost, novice AtFi; pokeman's ghost, novice DEHW
D:8 /dig (moth)


Innate Abilities, Weirdness & Mutations

Your life essence is reduced to manifest your ancestor. (-10% HP)
You are amphibious.
You cover ground slowly.
You can hop short distances.
You have an extended range of vision and can be seen from far away.


Message History

You puncture the red draconian!
The red draconian is moderately wounded.
You closely miss the red draconian.
The red draconian is moderately wounded.
The red draconian barely misses you.
You puncture the red draconian!
You feel better.
The red draconian is heavily wounded.
The red draconian misses you.
You closely miss the red draconian.
The red draconian is heavily wounded.
You hit the red draconian but do no damage.
The red draconian is heavily wounded.
The red draconian hits you with a +2 halberd of flaming.
* * * LOW HITPOINT WARNING * * *
You puncture the red draconian!
You feel better.
The red draconian is heavily wounded.
You puncture the red draconian!
The red draconian is severely wounded.
The red draconian completely misses you.
You completely miss the red draconian.
The red draconian is severely wounded.
The red draconian hits you with a +2 halberd of flaming!
* * * LOW HITPOINT WARNING * * *
You barely miss the red draconian.
The red draconian is severely wounded.
The red draconian breathes fire at you. The searing blast hits you! You resist.
* * * LOW HITPOINT WARNING * * *
You hit the red draconian.
The red draconian is severely wounded.
You are no longer berserk.
You are exhausted.
You feel yourself slow down.
You puncture the red draconian!
You feel better.
The red draconian is severely wounded.
The red draconian breathes fire at you. The searing blast hits you! You resist.
* * * LOW HITPOINT WARNING * * *
The red draconian hits you with a +2 halberd of flaming!
You die...

≈§≈§≈§§§≈≈≈≈§§≈≈≈≈≈≈≈.≈≈§
§≈≈≈≈≈§≈................§
§§§§≈§§.########'########
≈≈§§§≈≈.# #.# §≈§§§≈..# #§#
≈§≈≈§≈≈.# #.# ≈≈§≈≈≈≈.# #.#
≈≈≈≈§≈§.######.#.#
≈≈≈≈≈§§.#......#@#
≈≈§§≈≈≈.###++###d### ≈≈§§≈§≈.#
#..)..# #.≈○○≈§ § §§§≈≈≈§.#
#.8_8.# #.°°§§≈§≈ §≈≈≈≈≈≈.#
+.....' #.°§§≈≈§§
≈§§≈≈≈≈.#################.≈§§≈≈≈≈
≈≈≈≈≈≈≈≈....§..............§§≈≈§≈
≈≈≈§≈≈≈§≈§§§§§≈≈≈.≈§§.≈§§§≈§≈≈≈≈≈
≈≈§≈≈≈≈≈§§§§≈§≈§§≈.§≈≈≈≈§≈≈≈§≈§≈≈


You could see a red draconian (catching breath).

Vanquished Creatures
  An ogre mage (Volcano)
  A two-headed ogre (Volcano)
  A lindwurm (Lair:1)
  2 black mambas (Lair:1)
  A cane toad (Lair:1)
  A komodo dragon (Lair:2)
  A rime drake (Lair:2)
  A troll (D:9)
  Prince Ribbit (D:7)
  Grinder (D:6)
  A shadow (D:9)
  11 yaks
  2 fire bats (Volcano)
  A steam dragon (D:10)
  Menkaure (D:6)
  Edmund (D:6)
  7 water moccasins
  2 sky beasts (D:7)
  3 ice beasts
  4 orc warriors
  2 black bears
  16 wolves
  An ogre (D:4)
  3 centaurs
  3 lemures
  3 kobold brigands
  A bullfrog (Lair:1)
  A scorpion (D:5)
  Dowan (D:6)
  4 killer bees (D:9)
  3 howler monkeys
  2 lava snakes (Volcano)
  A jelly (D:5)
  3 orc priests
  A gnoll bouda (D:8)
  A hound (D:5)
  6 iguanas
  6 orc wizards
  6 gnolls
  7 river rats
  9 adders
  2 shadow imps
  A white imp (D:5)
  An ufetubus (D:5)
  2 worms
  2 dart slugs
  30 orcs
  9 endoplasms
  4 giant cockroaches
  8 goblins
  11 hobgoblins
  36 kobolds
  3 quokkas
  7 ball pythons
  7 bats
  A frilled lizard (D:3)
  32 rats
280 creatures vanquished.

Vanquished Creatures (collateral kills)
  Gastronok (D:8)
  2 two-headed ogres
  Pikel (D:8)
  3 wyverns
  A vampire (D:10)
  10 yaks
  A basilisk (Lair:2)
  A steam dragon (D:8)
  A water moccasin (D:6)
  Duvessa (D:6)
  A sky beast (D:6)
  An orc warrior (D:10)
  An ice beast (D:6)
  7 wolves
  A kobold brigand (D:9)
  3 bullfrogs
  A gnoll sergeant (D:9)
  A necrophage (D:6)
  A killer bee (D:9)
  3 orc wizards
  7 gnolls
  9 orcs
  A hobgoblin (D:6)
  2 kobolds (D:9)
61 creatures vanquished.

Vanquished Creatures (others)
  A two-headed ogre (Volcano)
  2 knights
  An ancestor (D:6)
  4 fungi (Lair:2)
  5 plants (Lair:2)
  2 withered plants (D:4)
15 creatures vanquished.

Grand Total: 356 creatures vanquished

Notes
Turn   | Place    | Note
-------+----------+-------------------------------------------
     0 | D:1      | porpoise the Barachi Hunter began the quest for the Orb.
     0 | D:1      | Reached XP level 1. HP: 17/17 MP: 1/1
   126 | D:1      | Reached XP level 2. HP: 23/23 MP: 2/2
   488 | D:2      | Found a faded altar of an unknown god.
   682 | D:2      | Reached XP level 3. HP: 29/29 MP: 3/3
  1368 | D:3      | Reached skill level 5 in Ranged Weapons
  1415 | D:3      | Identified the +9 dagger of Konoibau {vamp, +Blink rF++
                  | Will+ Str-4}
  1420 | D:3      | Found a broken altar of Ashenzari.
  1429 | D:3      | Reached XP level 4. HP: 35/35 MP: 4/4
  1600 | D:3      | Found a glowing silver altar of Zin.
  1645 | D:3      | Found a stormy altar of Qazlal.
  1976 | D:4      | Reached XP level 5. HP: 42/42 MP: 5/5
  2141 | D:4      | Identified the +7 mace of Offence {heavy, rPois rC++}
  2243 | D:4      | Noticed a black bear
  2243 | D:4      | Noticed an ogre
  2250 | D:4      | Killed an ogre
  2251 | D:4      | Reached skill level 6 in Ranged Weapons
  2251 | D:4      | Reached XP level 6. HP: 11/49 MP: 6/6
  2252 | D:4      | Reached skill level 8 in Ranged Weapons
  2252 | D:4      | Reached skill level 5 in Stealth
  2252 | D:4      | Reached skill level 5 in Spellcasting
  2252 | D:4      | Reached skill level 5 in Evocations
  2252 | D:4      | Reached XP level 7. HP: 14/59 MP: 6/14
  2403 | D:4      | Found a runed translucent door.
  2403 | D:4      | Noticed ryw's ghost (amateur VSIE)
  2792 | D:4      | Found a hazy altar of Hepliaklqana.
  2905 | D:4      | Became a worshipper of Hepliaklqana the Forgotten
  2966 | D:5      | Entered Level 5 of the Dungeon
  3235 | D:5      | Found a glowing drain.
  3239 | Sewer    | Entered a sewer
  3690 | Sewer    | Reached XP level 8. HP: 64/65 MP: 15/15
  4163 | D:5      | Reached skill level 9 in Ranged Weapons
  4192 | D:5      | Reached skill level 1 in Armour
  4742 | D:6      | Reached * piety under Hepliaklqana
  4816 | D:6      | Noticed Edmund
  4826 | D:6      | Killed Edmund
  5121 | D:6      | Noticed Duvessa
  5124 | D:6      | Noticed Dowan
  5130 | D:6      | Killed Duvessa
  5143 | D:6      | Killed Dowan
  5278 | D:6      | Noticed Grinder
  5283 | D:6      | Paralysed by Grinder for 3 turns
  5290 | D:6      | Killed Grinder
  5291 | D:6      | Reached XP level 9. HP: 50/64 MP: 16/16
  5313 | D:6      | Noticed Menkaure
  5316 | D:6      | Killed Menkaure
  5469 | D:6      | Found a radiant altar of Vehumet.
  5564 | D:6      | Found a runed translucent gate.
  5565 | D:6      | Noticed Yutrishi's ghost (novice AtFi)
  5565 | D:6      | Noticed pokeman's ghost (novice DEHW)
  5566 | D:6      | Found a runed translucent gate.
  5567 | D:6      | Found a runed translucent gate.
  5618 | D:6      | Reached skill level 10 in Ranged Weapons
  5951 | D:6      | Reached ** piety under Hepliaklqana
  5952 | D:6      | Remembered your ancestor Nikki as a knight
  6641 | D:7      | Found an ancient bone altar of Kikubaaqudgha.
  6782 | D:7      | Found a staircase to the Ecumenical Temple.
  7302 | D:8      | Found a blossoming altar of Fedhas.
  7323 | D:8      | Reached XP level 10. HP: 62/71 MP: 17/17
  7638 | D:8      | Reached skill level 5 in Armour
  7641 | D:8      | Reached skill level 11 in Ranged Weapons
  7796 | D:8      | Noticed Prince Ribbit
  7806 | D:8      | Noticed Gastronok
  7827 | D:7      | Killed Prince Ribbit
  7917 | D:8      | Noticed Pikel
  8138 | D:8      | Killed Pikel
  8182 | D:7      | HP: 4/106 [yak (10)]
  8184 | D:7      | HP: 1/106 [yak (5)]
  8384 | D:8      | Reached skill level 1 in Invocations
  8754 | D:8      | Killed Gastronok
  8755 | D:8      | Reached skill level 12 in Ranged Weapons
  8755 | D:8      | Reached XP level 11. HP: 28/75 MP: 18/18
  9177 | D:8      | Found a shimmering blue altar of Sif Muna.
  9327 | D:8      | Noticed a moth of wrath
  9330 | D:8      | Found a bloodstained altar of Trog.
  9399 | D:8      | Found a sacrificial altar of Ru.
  9802 | D:9      | Reached *** piety under Hepliaklqana
  9935 | D:9      | Found a snail-covered altar of Cheibriados.
 10074 | D:9      | Found a staircase to the Lair.
 10567 | D:10     | Entered Level 10 of the Dungeon
 10601 | D:10     | Found a shadowy altar of Dithmenos.
 10626 | D:10     | Identified the +7 sling of Grand Optimality {speed, rC+}
 10794 | D:10     | Reached skill level 13 in Ranged Weapons
 10816 | D:10     | Reached **** piety under Hepliaklqana
 10818 | D:10     | Found a white marble altar of Elyvilon.
 10899 | D:10     | Found an iron altar of Okawaru.
 10947 | D:10     | Noticed a two-headed ogre
 10957 | D:10     | Killed a two-headed ogre
 11227 | D:10     | Identified a scroll of acquirement
 11228 | D:10     | Acquired the ring "Waok" {Fly Str+2 Int+3 Dex+6 Stlth+}
 11321 | D:10     | Found a burning altar of Makhleb.
 11547 | Lair:1   | Entered Level 1 of the Lair of Beasts
 11807 | Lair:1   | Noticed a lindwurm
 11817 | Lair:1   | Killed a lindwurm
 11818 | Lair:1   | Reached XP level 12. HP: 81/81 MP: 19/19
 12049 | Lair:1   | Learned a level 2 spell: Wereblood
 12049 | Lair:1   | Upgraded the game from 0.30-a0-726-gd89dcf765f to
                  | 0.30-a0-728-gc68057be0a
 12236 | Lair:2   | Reached skill level 5 in Invocations
 12242 | Lair:1   | Reached skill level 14 in Ranged Weapons
 12755 | Lair:2   | Found a dark tunnel.
 12812 | Volcano  | Entered a volcano
 12959 | Volcano  | Found a bloodstained altar of Trog.
 12959 | Volcano  | Noticed a two-headed ogre
 12959 | Volcano  | Noticed a two-headed ogre
 12959 | Volcano  | Noticed an ogre mage
 12959 | Volcano  | Noticed a two-headed ogre
 12966 | Volcano  | Killed a two-headed ogre
 12967 | Volcano  | Reached skill level 1 in Long Blades
 12978 | Volcano  | Killed an ogre mage
 12978 | Volcano  | Noticed a red draconian
 12989 | Volcano  | HP: 2/84 [red draconian/+2 halberd of flaming (13)]
 12990 | Volcano  | Killed a two-headed ogre
 13006 | Volcano  | Slain by a red draconian

Illustrated notes

Levels and vault maps discovered:
D:1:      reono_arrival_forest_river, layout_rooms
D:2:      layout_basic, hellmonk_ecumenical_altar_pennies_from_heaven
D:3:      layout_rooms, mainiacjoe_overflow_24_doors,
          mainiacjoe_overflow_catwalk, zin_scriptorium
D:4:      minmay_bubble_buster, layout_loops_ring,
          worldfamousw_hep_ancestral_shrine, gammafunk_ghost_grave
D:5:      layout_basic, gup_sewer_entry_spiral
D:6:      layout_layer_cave, lemuel_crystal_altar, gammafunk_ghost_cemetery,
          grunt_ministairs_2, chequers_jeans, st_stairs_9, sigmund_army,
          uniq_menkaure, uniq_duvessa, uniq_grinder, uniq_edmund
D:7:      layout_basic, mainiacjoe_overflow_brackets, minmay_temple_entry_grid,
          hangedman_decor_clover_reticule
D:8:      layout_cave_pools, tgw_trog, fedhas_bush_and_centaur_altar,
          mainiacjoe_overflow_alcove_4, mainiacjoe_overflow_chevrons,
          uniq_gastronok, uniq_prince_ribbit1, uniq_pikel
D:9:      layout_stronghold, mainiacjoe_overflow_alcove_1, lair_entry_dummy
D:10:     layout_rooms, elyvilon_altar_1, mainiacjoe_overflow_six_doors_small,
          nicolae_overflow_hidden_temple, mainiacjoe_overflow_tiny_flanked,
          minmay_misc_feat_x, minmay_misc_feat_tiny
D:11:     layout_loops_ring, minivault_24, pond
Lair:1:   layout_cave_shapes, grunt_megastairs_3
Lair:2:   layout_loops_ring, nicolae_swamp_entry_splash_gauntlet,
          nicolae_volcano_entry_lava_flow, grunt_forest_large_clearings
Volcano:  volcano_lake [vl_original]

Skill      XL: |  1  2  3  4  5  6  7  8  9 10 11 12 |
---------------+-------------------------------------+-----
Fighting       | 3 4 6 7 8 |  8.8
Ranged Weapons | 5 6 8 9 10 12 13 14 | 14.0
Dodging        | 6 7 |  7.0
Stealth        | 5 |  5.3
Spellcasting   | 5 |  5.1
Evocations     | 5 |  5.6
Armour         | 2 4 6 7 |  7.0
Invocations    | 2 4 6 |  6.4
Long Blades    | 2 |  2.6

Action                     |  1- 3 |  4- 6 |  7- 9 | 10-12 || total
---------------------------+-------+-------+-------+-------++-------
  Melee: Quarterstaff      |     8 |       |       |       ||     8
         Dagger            |       |    15 |    20 |    76 ||   111
         Mace              |       |     2 |       |       ||     2
         Punch             |       |       |       |     1 ||     1
   Fire: Shortbow          |    76 |    77 |   394 |   303 ||   850
         Sling             |       |       |       |   237 ||   237
 Invoke: Ancestor Identity |       |       |     2 |       ||     2
         Ancestor Life: Kn |       |       |     1 |       ||     1
         Recall Ancestor   |       |       |       |     1 ||     1
Ability: Hop               |       |       |       |     1 ||     1
         Evoke Blink       |       |       |       |     1 ||     1
  Evoke: Wand              |       |       |     1 |     8 ||     9
         Phial of floods   |       |       |       |     1 ||     1
    Use: Scroll            |     6 |     3 |     8 |     9 ||    26
         Potion            |       |     3 |     3 |     6 ||    12
   Stab: Distracted        |       |       |     1 |       ||     1
         Sleeping          |       |       |       |     2 ||     2
 Armour: Leather armour    |     6 |    18 |    35 |    88 ||   147
  Dodge: Dodged            |    20 |    28 |   121 |   290 ||   459

Table legend: (Time is in decaauts)
 A = Elapsed time spent in this place.
 B = Non-inter-level travel time spent in this place.
 C = Inter-level travel time spent in this place.
 D = Time resting spent in this place.
 E = Time spent auto-exploring this place.
 F = Levels seen in this place.
 G = Mean time per level.
                   A        B        C        D        E       F      G
               +--------+--------+--------+--------+--------+-----+--------+
         Total |  14416 |  13644 |    772 |   3144 |   7629 |  15 |  961.1 |
       Dungeon |  12043 |  11414 |    629 |   2557 |   7081 |  11 | 1094.8 |
          Lair |   1316 |   1174 |    142 |    365 |    343 |   2 |  658.0 |
         Sewer |    848 |    848 |      0 |    221 |    205 |   1 |  848.0 |
       Volcano |    208 |    208 |      0 |      0 |      0 |   1 |  208.0 |
               +--------+--------+--------+--------+--------+-----+--------+

Top non-repeatable levels by time:
     D:7: 1854 daAuts
     D:6: 1805 daAuts
     D:8: 1770 daAuts
  Lair:1: 1164 daAuts
     D:4: 1155 daAuts
     D:5: 1132 daAuts
     D:2: 1013 daAuts
     D:9: 1011 daAuts
    D:10: 999 daAuts
   Sewer: 848 daAuts
     D:3: 703 daAuts
     D:1: 574 daAuts
 Volcano: 208 daAuts
  Lair:2: 152 daAuts
    D:11: 21 daAuts
